 Dungeon Crawl Stone Soup version 0.26-a0-610-g3e9335bbc7 (webtiles) character file.

Game seed: 15833907023989402797

53 MrRokkomies the Digger (level 3, -1/21 HPs)
             Began as an Octopode Earth Elementalist on Sept 4, 2020.
             Killed from afar by Natasha (4 damage)
             ... with a magic dart
             ... on level 2 of the Dungeon.
             The game lasted 00:01:36 (1438 turns).

MrRokkomies the Digger (OpEE)                       Turns: 1438, Time: 00:01:37

Health: -1/21      AC:  5    Str:  7    XL:     3   Next: 87%
Magic:  5/6        EV: 14    Int: 18    God:
Gold:   26         SH:  0    Dex: 12    Spells: 3/6 levels left

rFire    . . .     SeeInvis .   a - +1 dagger (flame)
rCold    . . .     Faith    .   (no shield)
rNeg     . . .     Spirit   .   (helmet restricted)
rPois    .         Reflect  .   (no amulet)
rElec    .         Harm     .   m - +4 ring of protection
rCorr    .                      (no ring)
MR       .....                  (no ring)
Stlth    +++.......             (no ring)
HPRegen  0.07/turn              (no ring)
MPRegen  0.10/turn              (no ring)
                                (no ring)
                                (no ring)

@: no status effects
A: almost no armour, stealthy swim, amphibious, 8 rings, constrict 8, camouflage
1, gelatinous body 1
a: no special abilities


You were on level 2 of the Dungeon.
You visited 1 branch of the dungeon, and saw 3 of its levels.

You collected 26 gold pieces.

Inventory:

Hand Weapons
 a - a +1 dagger of flaming (weapon)
Missiles
 b - 67 stones (quivered)
Jewellery
 m - a +4 ring of protection (left tentacle)
Scrolls
 d - a scroll of magic mapping {unknown}
 e - a scroll of noise {unknown}
 g - 2 scrolls of enchant armour {unknown}
 h - a scroll of amnesia {unknown}
 i - 2 scrolls of identify {unknown}
 l - a scroll of remove curse {unknown}
Potions
 c - a potion of cancellation {unknown}
 f - a potion of stabbing {unknown}
 j - a potion of haste {unknown}
 k - a potion of curing {unknown}
 n - a potion of heal wounds {unknown}


   Skills:
 * Level 3.0 Dodging
 + Level 3.4 Stealth
 - Level 2.0 Spellcasting
 - Level 1.0 Transmutations
 * Level 3.7 Earth Magic


You had 3 spell levels left.
You knew the following spells:

 Your Spells              Type           Power        Failure   Level
a - Sandblast             Erth           ###...       4%          1
b - Passwall              Tmut/Erth      ##......     11%         2

Your spell library contained the following spells:

 Spells                   Type           Power        Failure   Level
 Stone Arrow              Conj/Erth      #.....       26%         3
 Petrify                  Tmut/Erth      ##......     56%         4
 Lee's Rapid Deconstruct  Erth           ###.......   73%         5


Dungeon Overview and Level Annotations

Branches:
Dungeon (3/15)

Altars:

Annotations:
D:2 Natasha


Innate Abilities, Weirdness & Mutations

You cannot wear most types of armour.
You are very stealthy in the water. (Stealth+)
You are amphibious.
You can wear up to eight rings at the same time.
You can use your tentacles to constrict eight enemies at once.
Your skin changes colour to match your surroundings (Stealth+).
Your rubbery body absorbs attacks. (AC +1, EV +1)


Message History

Natasha stares at you and mumbles some strange words.
The magic dart hits you!
* * * LOW HITPOINT WARNING * * *
You hit Natasha. You burn Natasha. You grab Natasha.
Natasha is moderately wounded.
You constrict Natasha, but do no damage.
Natasha barely misses you.
Unknown command.
Casting: Sandblast (safe; 4% risk of failure)
Confirm with . or Enter, or press ? or * to list all spells.
Aiming: Sandblast (safe; 4% risk of failure)
Press: ? - help, Shift-Dir - straight line, f - Natasha
Aim: Natasha (moderately wounded, constricted by you)
The blast of sand hits Natasha.
Natasha is severely wounded.
b - 67 stones You constrict Natasha.
Natasha casts a spell at you. The magic dart hits you.
You die...

# #........#
#........# #
#........# #........#
#........# #........#
#######
##'#########........#
......# #.#
#.............#
#####.####.#
#......######## #
#......# #......#
###############......#
................@....#
################h#####
.# #.# ## #†# #.#
........# #.#.....#
#.....# ##....#


You could see Natasha.

Vanquished Creatures
  An adder (D:2)
  4 leopard geckos (D:1)
  A ball python (D:1)
  6 bats
  3 giant cockroaches (D:1)
  4 goblins (D:1)
  A hobgoblin (D:1)
  4 jackals (D:2)
  A kobold (D:1)
  10 frilled lizards
  5 rats
40 creatures vanquished.

Notes
Turn   | Place    | Note
-------+----------+-------------------------------------------
     0 | D:1      | MrRokkomies the Octopode Earth Elementalist began the quest
                  | for the Orb.
     0 | D:1      | Reached XP level 1. HP: 11/11 MP: 3/3
   340 | D:1      | Reached XP level 2. HP: 17/17 MP: 5/5
   833 | D:1      | Reached XP level 3. HP: 21/21 MP: 6/6
   841 | D:1      | Learned a level 2 spell: Passwall
  1379 | D:2      | Noticed Natasha
  1438 | D:2      | Killed from afar by Natasha

Illustrated notes

Levels and vault maps discovered:
D:1:      dpeg_arrival_stonehenge_8_columns, layout_rooms, minivault_4,
          serial_park_tiny_2, minmay_lizard_pond
D:2:      layout_basic, uniq_robin, uniq_natasha, uniq_terence
D:3:      cheibrodos_pilgrimage, layout_basic,
          gammafunk_temple_overflow_elements, corner_web_ring

Skill      XL: |  1  2  3 |
---------------+----------+-----
Stealth        | 3 |  3.4
Dodging        | 3 |  3.0
Spellcasting   | |  2.0
Transmutations | |  1.0
Earth Magic    | |  3.7

Action                   || total
-------------------------++-------
Melee: Unarmed           ||     6
       Dagger            ||    70
       Constrict         ||    18
       Tentacles         ||     9
 Cast: Sandblast         ||     2
 Stab: Sleeping          ||    10
Armor: Skin              ||    11
Dodge: Dodged            ||    36

Table legend: (Time is in decaauts)
 A = Elapsed time spent in this place.
 B = Non-inter-level travel time spent in this place.
 C = Inter-level travel time spent in this place.
 D = Time resting spent in this place.
 E = Time spent auto-exploring this place.
 F = Levels seen in this place.
 G = Mean time per level.
                   A        B        C        D        E       F      G
               +--------+--------+--------+--------+--------+-----+--------+
         Total |   1436 |   1430 |      6 |     31 |   1191 |   3 |  478.7 |
       Dungeon |   1436 |   1430 |      6 |     31 |   1191 |   3 |  478.7 |
               +--------+--------+--------+--------+--------+-----+--------+

Top non-repeatable levels by time:
     D:1: 1253 daAuts
     D:2: 150 daAuts
     D:3: 32 daAuts
